Map: Triton LE

Players

puCK (Nina) - Winner!

  • Race: Protoss Protoss
  • Spawn Location: 5:00

Vindicta

  • Race: Terran Terran
  • Spawn Location: 11:00

VOD

Have the link to the VOD?

Description

Time

  • Played on: Sept. 6, 2019, 1:09 p.m.
  • Length: 8:17
Show
View Real Time Build Order
Export as new Build Order

puCK Protoss - Winner!

Build Orders: 1 Gate Expand, Phoenix Opening, Blink Stalkers, Colossus Rush 

Get SALT Encoding   

  12  0:00  Probe  
  13  0:12  Probe  
  14  0:19  Pylon  
  14  0:24  Probe  
  15  0:33  Probe  
  15  0:39  Gateway  
  15  0:41  Probe  
  16  0:47  Assimilator  
  17  0:51  Probe  
  18  1:03  Probe  
  19  1:15  Probe  
  20  1:26  Cybernetics Core  
  20  1:34  Nexus  
  20  1:43  Probe  
  20  1:44  Pylon  
  21  1:52  Assimilator  
  21  1:53  Adept  
  21  1:55  Probe  
  22  2:08  Probe  
  25  2:12  Warp Gate  
  25  2:15  Sentry  
  25  2:20  Probe  
  28  2:32  Probe  
  29  2:39  Stalker  
  31  2:45  Probe  
  31  2:46  Probe  
  33  2:53  Twilight Council, Probe  
  33  2:58  Probe  
  35  3:01  Probe  
  36  3:06  Gateway  
  36  3:07  Probe  
  37  3:13  Probe  
  37  3:15  Probe  
  37  3:19  Robotics Facility  
  39  3:23  Stalker  
  39  3:24  Phoenix, Assimilator  
  39  3:25  Probe  
  42  3:37  Shield Battery, Probe  
  43  3:42  Probe  
  43  3:45  Blink  
  44  3:48  Pylon  
  44  3:52  Probe x2  
  46  4:02  Probe  
  46  4:04  Assimilator  
  46  4:06  Probe  
  46  4:09  Pylon  
  48  4:10  Warp Prism  
  48  4:11  Probe  
  49  4:18  Probe, Robotics Bay  
  49  4:23  Pylon, Probe  
  53  4:30  Probe  
  54  4:34  Sentry  
  54  4:35  Probe, Stalker  
  59  4:38  Pylon  
  59  4:44  Observer, Forge  
  59  4:47  Gateway  
  59  4:48  Probe  
  61  4:55  Gateway  
  61  4:58  Disruptor  
  61  5:05  Zealot  
  66  5:11  Gravitic Drive, Stalker  
  68  5:17  Pylon  
  68  5:21  Pylon  
  68  5:23  Colossus  
  68  5:24  Protoss Ground Weapons Level 1  
  68  5:27  Stalker  
  70  5:39  Zealot  
  78  5:45  Probe  
  79  5:54  Stalker x3  
  85  6:10  Pylon  
  85  6:12  Observer, Extended Thermal Lance  
  85  6:13  Colossus  
  83  6:23  Zealot x2  
  93  6:26  Pylon  
  93  6:32  Pylon  
  93  6:41  Stalker x2  
  93  6:42  Probe  
  98  6:54  Zealot x2  
  98  6:55  Nexus  
  95  7:02  Immortal  
  95  7:06  Pylon  
  95  7:08  Gateway  
  95  7:09  Gateway  
  95  7:11  Sentry  
  101  7:23  Zealot x3  
  107  7:37  Zealot  
  107  7:40  Pylon  
  107  7:43  Zealot x3  
  113  7:48  Pylon  
  97  7:59  Probe  
  88  8:08  Zealot x4  
  96  8:14  Pylon  
Show
View Real Time Build Order
Export as new Build Order

Vindicta Terran 

Build Orders: Reaper Expand 

Get SALT Encoding   

  12  0:00  SCV  
  13  0:12  SCV  
  14  0:18  Supply Depot  
  14  0:24  SCV  
  15  0:39  SCV  
  15  0:40  Barracks  
  16  0:44  Refinery  
  16  0:52  SCV  
  17  1:04  SCV  
  18  1:16  SCV  
  19  1:27  Reaper  
  19  1:28  Orbital Command  
  20  1:49  Command Center  
  20  1:53  SCV  
  21  2:00  Barracks Tech Lab  
  21  2:01  Supply Depot  
  21  2:05  SCV  
  22  2:17  SCV  
  22  2:21  Stimpack  
  25  2:23  Marauder  
  25  2:29  SCV  
  26  2:30  Barracks  
  26  2:40  Barracks  
  26  2:45  Marauder, SCV  
  29  2:57  SCV  
  29  3:12  SCV, Marine  
  31  3:15  Orbital Command  
  31  3:19  Barracks Reactor  
  31  3:22  Refinery  
  31  3:24  SCV  
  32  3:27  Marine  
  32  3:30  Marine  
  34  3:37  Supply Depot, SCV  
  34  3:41  Factory, SCV  
  36  3:45  Marine  
  36  3:48  Marine  
  37  3:49  SCV  
  37  3:53  SCV  
  37  3:54  Marine  
  37  3:55  Marine  
  40  3:59  Supply Depot  
  40  4:01  SCV  
  40  4:02  Refinery  
  42  4:03  Combat Shield, Marine  
  42  4:05  SCV  
  42  4:08  Marauder  
  46  4:12  Marine  
  46  4:13  SCV  
  46  4:17  SCV, Marine  
  48  4:21  Supply Depot  
  48  4:23  Barracks Tech Lab  
  50  4:25  SCV  
  50  4:29  SCV  
  50  4:30  Starport  
  52  4:32  Factory Reactor  
  52  4:38  SCV  
  53  4:41  Concussive Shells  
  53  4:42  Marauder  
  53  4:43  Marauder  
  53  4:44  SCV  
  58  4:50  SCV  
  59  4:55  Barracks  
  59  4:56  SCV  
  59  4:57  Barracks  
  60  5:02  SCV  
  61  5:10  SCV  
  61  5:13  Supply Depot, Refinery  
  61  5:14  SCV, Factory Tech Lab  
  62  5:20  Engineering Bay  
  64  5:22  Medivac x2, SCV  
  64  5:27  Marauder  
  64  5:28  SCV  
  70  5:32  Supply Depot  
  70  5:36  Siege Tank  
  75  5:43  Barracks Reactor  
  75  5:45  Marauder  
  75  5:47  Barracks Tech Lab  
  75  5:49  Liberator, Terran Infantry Weapons Level 1  
  76  5:54  Supply Depot x2  
  76  5:56  Marauder  
  77  6:00  Missile Turret  
  77  6:09  Marine  
  77  6:10  Marine  
  81  6:19  Supply Depot  
  81  6:20  Siege Tank  
  81  6:22  Missile Turret  
  81  6:23  Liberator  
  78  6:27  Marauder, Marine  
  78  6:32  SCV x2  
  83  6:36  Marine x3  
  88  6:44  SCV  
  90  6:52  Marine  
  90  6:53  Marauder x2  
  92  6:56  SCV  
  92  6:58  Siege Tank  
  92  7:00  Liberator  
  96  7:03  SCV  
  96  7:04  Marine  
  96  7:05  Marine  
  97  7:08  Marine  
  97  7:09  Supply Depot  
  97  7:10  Marine  
  97  7:15  Marauder  
  101  7:18  SCV  
  101  7:21  Marauder  
  107  7:23  Marine  
  108  7:33  SCV  
  109  7:37  Marauder  
  109  7:39  Marine x2  
  109  7:42  Supply Depot  
  115  7:45  Supply Depot  
  115  7:46  Marauder  
  118  7:57  Marine  
  118  7:58  Marine  
  100  8:03  SCV  
Tags
 
Add a new tag
Caveats
  • Supply blocks, unpowered buildings, or Contaminate may cause inaccurate times.
  • Supply counts are checked every 10 seconds.